 Dungeon Crawl Stone Soup version bcrawl-1.15.1 (webtiles) character file.

Game seed: 5524932149076754466

5671 Anmu the Destroyer (level 10, -12/56 HPs)
             Began as a Fairy Conjurer on Oct 1, 2019.
             Was a Follower of Sif Muna.
             Killed from afar by a manticore (14 damage)
             ... with a volley of spikes
             ... on level 8 of the Dungeon on Oct 2, 2019.
             The game lasted 00:21:43 (6739 turns).

Anmu the Destroyer (Fairy Conjurer)                 Turns: 6739, Time: 00:21:44

Health: -12/56     AC: 10    Str:  6    XL:     10   Next: 75%
Magic:  11/27      EV: 22    Int: 22    God:    Sif Muna [*.....]
Gold:   317        SH:  6    Dex: 13    Spells: 22/32 levels left

rFire    . . .     SeeInvis .   (weapon restricted)
rCold    + . .     Gourm    .   (shield restricted)
rNeg     . . .     Faith    .   (armour unavailable)
rPois    +         Spirit   .   n - +1 helmet
rElec    .         Reflect  .   a - scarf {cloud immunity}
rCorr    .         Harm     .   s - +1 pair of gloves
MR       +....                  (no boots)
Stlth    +.........             w - amulet of magic regeneration
HPRegen  0.18/turn              i - ring of poison resistance
MPRegen  0.45/turn              m - ring of wizardry

@: barbed spikes, flying evasively, very slightly contaminated
A: small, magic attunement, unstealthy, unfitting armour, cold resistance 1,
MP-powered wands, able to fly, AC/SH +6
a: Stop Flying, Divine Energy, Renounce Religion


You were on level 8 of the Dungeon.
You worshipped Sif Muna.
Sif Muna was aware of your devotion.
You were not hungry.

You visited 2 branches of the dungeon, and saw 9 of its levels.

You collected 421 gold pieces.
You spent 104 gold pieces at shops.

Inventory:

Armour
 a - a scarf of cloud immunity (worn)
 n - a +1 helmet (worn)
 s - a +1 pair of gloves (worn)
Jewellery
 e - an uncursed amulet of the acrobat
 i - a ring of poison resistance (left hand)
 m - a ring of wizardry (right hand)
 w - an amulet of magic regeneration (around neck)
Wands
 g - a wand of flame (18)
Scrolls
 d - 4 scrolls of identify
 f - 6 scrolls of teleportation
 j - 3 scrolls of magic mapping
 k - 2 scrolls of remove curse
 q - a scroll of blinking
Potions
 b - a potion of magic
 h - a potion of brilliance
 l - a potion of mutation
 o - a potion of haste
 r - 2 potions of agility
 u - 5 potions of curing
Comestibles
 c - 17 rations {!d}
 p - 3 chunks of flesh


   Skills:
 * Level 9.6 Dodging
 + Level 3.0 Stealth
 + Level 11.7 Spellcasting
 + Level 12.1 Conjurations
 + Level 1.4 Transmutations


You had 22 spell levels left.
You knew the following spells:

 Your Spells              Type           Power        Failure   Level  Hunger
a - Magic Dart            Conj           ####         1%          1    None
b - Iskenderun's Mystic   Conj           ######..     1%          3    None
c - Summon Butterflies    Summ           ##......     1%          1    None
e - Irradiate             Conj/Tmut      #####.....   3%          5    None

Your spell library contained the following spells:

 Spells                   Type           Power        Failure   Level  Hunger
 Apportation              Tloc           ##....       1%          1    None
 Corona                   Hex            ##.....      1%          1    None
 Infusion                 Chrm           ##......     1%          1    None
 Sandblast                Erth           ##....       1%          1    None
 Slow                     Hex            ##......     1%          1    None
 Summon Small Mammal      Summ           ##..         1%          1    None
 Searing Ray              Conj           ######       1%          2    None
 Conjure Flame            Conj/Fire      #####...     1%          3    None
 Dazzling Spray           Conj/Hex       #####.       1%          3    None
 Mephitic Cloud           Conj/Pois/Air  ####....     1%          3    None
 Fulminant Prism          Conj/Hex       #####.....   1%          4    None
 Blink                    Tloc           N/A          3%          2    None
 Call Imp                 Summ           ##......     3%          2    None
 Ensorcelled Hibernation  Hex/Ice        ##....       3%          2    None
 Call Canine Familiar     Summ           ##......     6%          3    None
 Confuse                  Hex            ##......     6%          3    None
 Tukima's Dance           Hex            ##......     6%          3    None
 Summon Ice Beast         Ice/Summ       ##......     21%         4    None
 Summon Lightning Spire   Summ/Air       ##......     45%         5    None


Dungeon Overview and Level Annotations

Branches:
Dungeon (8/12)             Temple (1/1) D:7            Lair (0/6) D:7
    Orc: D:8-11

Altars:
Ashenzari
Cheibriados
Dithmenos
Elyvilon
Fedhas
Gozag
Hepliaklqana
Kikubaaqudgha
Lugonu
Makhleb
Nemelex Xobeh
Okawaru
Qazlal
Ru
Sif Muna
Trog
Uskayaw
Vehumet
Wu Jian
Xom
Yredelemnul
Zin
The Shining One

Shops:
D:5 [[   D:6 !


Innate Abilities, Weirdness & Mutations

Your spells do not cause hunger and MP costs are reduced by 1.
Your bright wings attract enemies. (Stealth-)
You cannot fit into any form of body armour.
Your shimmering scales are hard and can block incoming attacks. (AC +6, SH +6)
You are small and have problems with some larger weapons.
You can fly continuously.
Your flesh is cold resistant. (rC+)
You expend magic power (3 MP) to strengthen your wands.


Message History

Press: ? - help, Shift-Dir - straight line, f/p - manticore
Aim: a manticore (moderately wounded)
The orb of energy hits the manticore.
The manticore is heavily wounded.
The manticore flicks its tail.
The volley of spikes hits you!
The barbed spikes become lodged in your body.
* * * LOW HITPOINT WARNING * * *
Casting: Iskenderun's Mystic Blast (safe; 1% risk of failure)
Confirm with . or Enter, or press ? or * to list all spells.
Aiming: Iskenderun's Mystic Blast (safe; 1% risk of failure)
Press: ? - help, Shift-Dir - straight line, f/p - manticore
Aim: a manticore (heavily wounded)
The orb of energy hits the manticore.
The manticore is severely wounded.
The orb of energy explodes!
The manticore flicks its tail.
The volley of spikes hits you!
The barbed spikes become lodged in your body.
You die...

##'#.#. . #....#. .)
########....#. .>.
.......'......
..###########....## ...#
#......
.########.########..(###
.................'...#
....H..@#.########...#
.......[#.# #####
........#+# .........
......(.. ..$.......
........#+ ........#


You could see a manticore.

Vanquished Creatures
  Erica (D:8)
  A centaur skeleton (D:7)
  A troll (D:8)
  2 hippogriffs
  Sigmund (D:6)
  5 yaks (D:7)
  Menkaure (D:6)
  2 steam dragons (D:5)
  Edmund (D:6)
  3 porcupines
  4 black bears
  2 sky beasts
  A phantom (D:7)
  3 ogres
  3 wolves (D:7)
  3 crocodiles
  A bullfrog (D:7)
  A gnoll sergeant (D:7)
  A scorpion (D:8)
  A crimson imp (D:8)
  A howler monkey (D:6)
  3 bullfrog zombies
  2 centaur zombies (D:6)
  2 jellies
  A quasit (D:8)
  An orc priest (D:5)
  A hound (D:5)
  4 orc wizards
  2 iguanas
  2 worker ants
  A hound skeleton (D:4)
  Robin (D:2)
  7 gnolls
  6 adders
  2 shadow imps
  5 oozes
  2 adder zombies
  2 adder skeletons
  4 worms
  3 dart slugs
  6 leopard geckos
  22 orcs
  2 giant cockroaches (D:1)
  16 goblins
  18 hobgoblins
  4 jackals (D:2)
  8 quokkas
  5 bats
  6 frilled lizards
  6 kobolds
  5 rats
188 creatures vanquished.

Notes
Turn   | Place    | Note
-------+----------+-------------------------------------------
     0 | D:1      | Anmu the Fairy Conjurer began the quest for the Orb.
     0 | D:1      | Reached XP level 1. HP: 11/11 MP: 6/6
    42 | D:1      | Reached skill level 5 in Conjurations
    42 | D:1      | Reached XP level 2. HP: 17/17 MP: 7/7
   178 | D:1      | Reached XP level 3. HP: 21/21 MP: 9/9
   900 | D:2      | Reached XP level 4. HP: 21/27 MP: 11/11
   923 | D:2      | Learned a level 3 spell: Iskenderun's Mystic Blast
  1058 | D:2      | Reached skill level 6 in Conjurations
  1068 | D:2      | Found a bloodstained altar of Trog.
  1082 | D:2      | Noticed Robin
  1085 | D:2      | Killed Robin
  1179 | D:2      | Found a blossoming altar of Fedhas.
  1226 | D:2      | Reached XP level 5. HP: 31/31 MP: 12/12
  1758 | D:3      | Noticed an ogre
  1761 | D:3      | Killed an ogre
  1761 | D:3      | Reached XP level 6. HP: 35/36 MP: 7/15
  2079 | D:3      | Reached skill level 5 in Spellcasting
  2394 | D:3      | Found an ornate altar of the Wu Jian Council.
  2737 | D:4      | Found Denwax's Distillery.
  2805 | D:4      | Reached skill level 7 in Conjurations
  3000 | D:4      | Found a shadowy altar of Dithmenos.
  3394 | D:4      | Found a sacrificial altar of Ru.
  3869 | D:5      | Entered Level 5 of the Dungeon
  3888 | D:5      | Reached skill level 5 in Dodging
  3888 | D:5      | Reached XP level 7. HP: 41/41 MP: 10/17
  4000 | D:5      | Noticed a steam dragon
  4001 | D:5      | Noticed a steam dragon
  4007 | D:5      | Killed a steam dragon
  4012 | D:5      | Killed a steam dragon
  4156 | D:5      | Reached skill level 8 in Conjurations
  4198 | D:5      | Found Yzaom's Armour Shop.
  4314 | D:5      | Reached XP level 8. HP: 46/46 MP: 20/20
  4338 | D:5      | Found Macieg's Armour Boutique.
  4394 | D:5      | Found a burning altar of Makhleb.
  4751 | D:6      | Learned a level 1 spell: Summon Butterflies
  4836 | D:6      | Noticed a hippogriff
  4842 | D:6      | Killed a hippogriff
  4943 | D:6      | Noticed Sigmund
  4949 | D:6      | Killed Sigmund
  4949 | D:6      | Reached skill level 9 in Conjurations
  5073 | D:6      | Found Qocia's Distillery.
  5076 | D:6      | Bought a potion of mutation for 104 gold pieces
  5076 | D:6      | Gained mutation: You expend magic power (3 MP) to
                  | strengthen your wands. [potion of mutation]
  5076 | D:6      | Gained mutation: Your flesh is cold resistant. (rC+)
                  | [potion of mutation]
  5214 | D:6      | Noticed Menkaure
  5224 | D:6      | Killed Menkaure
  5231 | D:6      | Learned a level 5 spell: Irradiate
  5238 | D:6      | Noticed Edmund
  5244 | D:6      | Killed Edmund
  5244 | D:6      | Reached XP level 9. HP: 51/51 MP: 12/23
  5377 | D:6      | Reached skill level 10 in Conjurations
  5728 | D:7      | Reached skill level 10 in Spellcasting
  5754 | D:7      | Found a staircase to the Lair.
  5870 | D:7      | Found a glowing silver altar of Zin.
  6045 | D:7      | Reached XP level 10. HP: 55/56 MP: 21/26
  6068 | D:7      | Found a corrupted altar of Lugonu.
  6071 | D:7      | Reached skill level 11 in Conjurations
  6097 | D:7      | Reached skill level 1 in Transmutations
  6331 | D:7      | Found a staircase to the Ecumenical Temple.
  6340 | Temple   | Entered the Ecumenical Temple
  6349 | Temple   | Became a worshipper of Sif Muna the Loreminder
  6586 | D:8      | Noticed Erica
  6595 | D:8      | Killed Erica
  6693 | D:8      | Reached * piety under Sif Muna
  6730 | D:8      | Noticed a manticore
  6735 | D:8      | Reached skill level 12 in Conjurations
  6738 | D:8      | HP: 2/56 [manticore/volley of spikes (21)]
  6739 | D:8      | Killed from afar by a manticore

Skill      XL: |  1  2  3  4  5  6  7  8  9 10 |
---------------+-------------------------------+-----
Dodging        | 3 4 5 7 8 9 |  9.6
Conjurations   | 5 6 7 8 9 10 12 | 12.1
Spellcasting   | 3 4 5 7 8 10 11 | 11.7
Stealth        | 2 3 |  3.0
Transmutations | 1 |  1.4

Action                   |  1- 3 |  4- 6 |  7- 9 | 10-12 || total
-------------------------+-------+-------+-------+-------++-------
Melee: Unarmed           |       |       |       |     1 ||     1
 Cast: Magic Dart        |    88 |   118 |   144 |    45 ||   395
       Iskenderun's Myst |       |    21 |    56 |    36 ||   113
       Summon Butterflie |       |       |     1 |       ||     1
       Irradiate         |       |       |     4 |     4 ||     8
  Use: Potion            |       |     6 |     4 |       ||    10
       Scroll            |       |     1 |     8 |     1 ||    10
  Eat: Chunk             |       |     7 |     2 |     1 ||    10
       Ration            |       |     1 |     1 |       ||     2
Armor: Skin              |     3 |     6 |    10 |     3 ||    22
Dodge: Dodged            |    12 |    14 |    55 |    35 ||   116
Block: Other             |     3 |     4 |    23 |    17 ||    47
